Cogmind - Beta 16 @@@ ROGUE MODE // 2025.11.13 @ 17:50:01 Player: AlcoholicAardvark Result: Destroyed by Y-45 Defender with Beam Rifle Performance ------------- Evolutions (1) 500 Regions Visited (3) 600 Robots Destroyed (45) 225 Value Destroyed (1034) 1034 Prototype IDs (0) 0 Alien Tech Used (0) 0 Bonus (19) 19 TOTAL SCORE: 2378 Bonus ------- High Alert Combat Kills 19 Cogmind --------- Core Integrity 0/400 Matter 280/300 Energy 261/265 System Corruption 0% Temperature Cool (11) Movement Treading (160) Location -9/Mines Parts ------- > --- POWER (1) -------- Reinforced Ion Engine > --- PROPULSION (3) --- Light Treads Light Treads > --- UTILITY (3) ------ Heat Sink > --- WEAPON (2) ------- Heavy Assault Rifle Light Cannon > --- INVENTORY (5) ---- Improved Ion Engine Small Laser Light Assault Rifle Autogun Peak State ------------ > --- POWER ------------ Reinforced Ion Engine > --- PROPULSION ------- Light Treads Light Treads Aluminum Leg > --- UTILITY ---------- Heat Sink Heat Sink > --- WEAPON ----------- EM Shotgun EM Shotgun > --- INVENTORY -------- Improved Ion Engine Small Laser Light Assault Rifle Light Cannon [Rating: 11] Favorites ----------- Power Reinforced Ion Engine Engine Reinforced Ion Engine Propulsion Light Treads Treads Light Treads Leg Aluminum Leg Utility Heat Sink Device Heat Sink Weapon EM Shotgun Energy Gun EM Shotgun Ballistic Gun Light Assault Rifle Ballistic Cannon Light Cannon Build | -11 -10 -9 -9 ------- Run | Yrd Mat Mat Min Slots Evolved 2 | . . 2 . Power . | . . . . Propulsion 1 | . . 1 . Utility 1 | . . 1 . Weapon . | . . . . Parts Attached 26 | 5 4 17 . Power 4 | 1 1 2 . Engine 4 | 1 1 2 . Core . | . . . . Reactor . | . . . . Propulsion 7 | 2 . 5 . Treads 6 | 2 . 4 . Leg 1 | . . 1 . Wheel . | . . . . Hover . | . . . . Flight . | . . . . Utility 6 | . 3 3 . Device 6 | . 3 3 . Storage . | . . . . Processor . | . . . . Hackware . | . . . . Protection . | . . . . Artifact . | . . . . Weapon 9 | 2 . 7 . Energy Gun 5 | 1 . 4 . Energy Cannon . | . . . . Ballistic Gun 3 | 1 . 2 . Ballistic Cannon 1 | . . 1 . Launcher . | . . . . Special Weapon . | . . . . Impact Weapon . | . . . . Slashing Weapon . | . . . . Piercing Weapon . | . . . . Special Melee Weapon . | . . . . Unidentified Prototypes . | . . . . Parts Lost 15 | . 1 14 . Power 1 | . . 1 . Propulsion 5 | . 1 4 . Utility 5 | . . 5 . Weapon 4 | . . 4 . Highest Loss Streak 4 | . 1 4 . To Critical Strikes 1 | . . 1 . Average Backups 2 | . . 3 4 Power . | . . . 1 Propulsion . | . . . . Utility . | . . . . Weapon 1 | . . 2 3 Tool/Special . | . . . . Unused Backups . | . . . . Power . | . . . . Propulsion . | . . . . Utility . | . . . . Weapon . | . . . . Tool/Special . | . . . . Average Slot Usage (%) 72 | . 86 65 66 Engine 11 | . 14 9 11 Treads 17 | . 26 13 22 Leg 2 | . . 3 . Device 17 | . 17 18 11 Energy Gun 11 | . 14 10 . Ballistic Gun 8 | . 14 6 11 Ballistic Cannon 2 | . . 3 11 Peak Build Rating 11 | 5 7 11 8 Average Rating 7 | 3 6 7 8 On Entrance 4 | . 5 6 8 Avg Prop Armor Cover (%) 6 | . . 6 . Naked Turns . | . . . . Heaviest Build 19 | 5 9 19 17 Greatest Support 40 | 40 40 40 40 Greatest Overweight (x) 5 | . . 5 . Average Overweight (x) . | . . . . Largest Inventory Capacity 5 | 5 5 5 5 Average Capacity 5 | 5 5 5 5 Most Carried 5 | . 2 5 4 Average Carried 2 | . . 3 4 Final Capacity 5 | 5 5 5 5 Final Carried 4 | . 2 4 4 Class Distribution -------------------- 58% | Mutant 41% | Scavenger-Mutant Dominant Class ---------------- Mutant | -10/Materials Scavenger-Mutant | -9/Materials Scavenger-Mutant | -9/Mines Resources | -11 -10 -9 -9 ----------- Run | Yrd Mat Mat Min Matter Collected 685 | 110 188 387 . Remotely . | . . . . Salvage Created 1375 | . 236 1139 . Parts 100 | . 19 81 . Haulers Intercepted 1 | . . 1 . Recyclers Shooed 3 | . 1 2 . Parts Field Recycled . | . . . . Retrieved Matter . | . . . . Parts Self-Destructed . | . . . . Prevented . | . . . . Parts Restored . | . . . . Kills | -11 -10 -9 -9 ------- Run | Yrd Mat Mat Min Combat Hostiles Destroyed 35 | . 9 26 . Guns 31 | . 9 22 . Cannons 3 | . . 3 . AOE 1 | . . 1 . Classes Destroyed 8 | . 4 4 . Worker 3 | . 1 2 . Hauler 1 | . . 1 . Operator 1 | . . 1 . Watcher 5 | . 1 4 . Swarmer 14 | . 5 9 . Grunt 16 | . 4 12 . Brawler 1 | . . 1 . Sentry 4 | . . 4 . Best Kill Streak 7 | . 3 7 . Combat Bots Only 6 | . 3 6 . Max Kills in Single Turn 2 | . 1 2 . Gunslinging 1 | . . 1 . Exploded 1 | . . 1 . Melee . | . . . . Uniques/NPCs Destroyed . | . . . . Combat | -11 -10 -9 -9 -------- Run | Yrd Mat Mat Min Hostile Shots Fired 224 | . 59 158 7 Missed 53 | . 14 37 2 Hits 171 | . 45 121 5 Projectile 171 | . 45 121 5 Critical Strikes 3 | . . 3 . Damage Taken 2040 | . 463 1501 76 Core 511 | . 105 392 14 Absorbed by Shields . | . . . . Regen/Repaired (Parts) 97 | . . 97 . Core Remaining (%) 79 | 100 58 . . Volleys Fired 110 | . 28 82 . Largest 2 | . 2 2 . Hottest 90 | . 60 90 . Shots Fired 186 | . 56 130 . Gun 175 | . 56 119 . Cannon 11 | . . 11 . Launcher . | . . . . Special . | . . . . Kinetic 83 | . 28 55 . Thermal 36 | . 28 8 . Explosive . | . . . . Electromagnetic 67 | . . 67 . Robot Hit Streak 26 | . 9 26 . Robot Miss Streak 4 | . 4 3 . Penetration Max . | . . . . Secondary Targets 6 | . 1 5 . Max Gunslinging Chain 1 | . 1 1 . Shots Hit Robots 139 | . 36 103 . Core Hits 77 | . 16 61 . Critical Kills . | . . . . Critical Parts Destroyed . | . . . . Critical Strikes 1 | . . 1 . Blast 1 | . . 1 . Melee Attacks . | . . . . Impact . | . . . . Slashing . | . . . . Piercing . | . . . . Sneak Attacks . | . . . . Combat Hostiles . | . . . . Follow-up Attacks . | . . . . Damage Inflicted 2054 | . 374 1680 . Guns 1749 | . 370 1379 . Cannons 156 | . . 156 . Explosions 145 | . . 145 . Melee . | . . . . Ramming 4 | . 4 . . Kinetic 739 | . 154 585 . Thermal 435 | . 216 219 . Explosive . | . . . . Electromagnetic 876 | . . 876 . Impact . | . . . . Slashing . | . . . . Piercing . | . . . . Highest Corruption 1 | . 1 . . Average Corruption 1 | . 1 . . Corruption Purged . | . . . . Corruption Blocked . | . . . . Effects 1 | . 1 . . Energy Discharges 1 | . 1 . . Overload Shots . | . . . . Overflow Damage 5 | . . 5 . Projectiles . | . . . . Explosions 5 | . . 5 . Melee . | . . . . Knockbacks 1 | . . 1 . Impact . | . . . . Kinetic 1 | . . 1 . Secondary . | . . . . Self-Inflicted Damage 103 | . . 103 . Shots 3 | . . 3 . Rammed 1 | . 1 . . Targets Rammed 2 | . 2 . . Kicked . | . . . . Crushed 1 | . 1 . . Highest Temperature 39 | . 38 39 . Average Temperature 16 | . 18 15 . Received Heat Transfer 615 | . 126 462 27 Siege Activations . | . . . . Martial Activations . | . . . . Shielding Activations . | . . . . Robots Disrupted . | . . . . Combat Hostiles . | . . . . Robots Corrupted . | . . . . Combat Hostiles . | . . . . Parts Fried 1 | . . 1 . Impact Corruptions . | . . . . Robots Melted . | . . . . Combat Hostiles . | . . . . Parts Melted . | . . . . Heat Transferred 800 | . 475 325 . Parts Sabotaged . | . . . . Parts Stolen . | . . . . Parts Stripped . | . . . . Power Chain Reactions 3 | . . 3 . Alert | -11 -10 -9 -9 ------- Run | Yrd Mat Mat Min Maximum Alert Level 2 | . . 2 . Low Security (%) 72 | 100 100 57 100 Level 1 17 | . . 26 . Level 2 10 | . . 16 . Level 3 . | . . . . Level 4 . | . . . . Level 5 . | . . . . High Security . | . . . . Max Security . | . . . . Peak Influence 449 | . 70 449 147 Initial 147 | . . 9 147 Average 131 | . 15 193 147 Influence Increases 1081 | . 222 859 . Destroy 0b10 Robot/C 700 | . 180 520 . Destroy 0b10 Robot/NC 50 | . 10 40 . Destroy Leader 172 | . 32 140 . Successful Hack 9 | . . 9 . Disable Machine 30 | . . 30 . Destroy Structure 15 | . . 15 . Lose Combat Pursuer 105 | . . 105 . Influence Decreases 934 | . 200 503 231 Entered New Map 244 | . . 13 231 Time Decay 518 | . 128 390 . Lost Part 110 | . 10 100 . Purge Threat 62 | . 62 . . Squads Dispatched 6 | . 2 4 . Investigation 4 | . 1 3 . Extermination . | . . . . Reinforcement 2 | . 1 1 . Assault . | . . . . Garrison . | . . . . Intercept . | . . . . Searches Triggered . | . . . . Construction Impeded . | . . . . Haulers Reinforced . | . . . . Active Scanning Responses . | . . . . Cargo Convoy Interrupts . | . . . . Stealth | -11 -10 -9 -9 --------- Run | Yrd Mat Mat Min Distress Signals 6 | . 1 5 . Communications Jammed . | . . . . Distress Signals . | . . . . Times Spotted 55 | . 14 39 2 Peak Tracking Total 8 | . 4 8 2 Tactical Retreats 5 | . . 5 . Traps | -11 -10 -9 -9 ------- Run | Yrd Mat Mat Min Traps Triggered 3 | . 3 . . Indirectly . | . . . . Trap Hack Attempts . | . . . . Triggered . | . . . . Disarmed . | . . . . Reprogrammed . | . . . . Reused . | . . . . Traps Extracted . | . . . . Installed . | . . . . Triggered . | . . . . Machines | -11 -10 -9 -9 ---------- Run | Yrd Mat Mat Min Machines Disabled 2 | . . 2 . Max in Single Turn 1 | . . 1 . Machines Repaired . | . . . . Machines Dismantled . | . . . . Machines Sabotaged . | . . . . Overloaded Fab Kills . | . . . . Hacking | -11 -10 -9 -9 --------- Run | Yrd Mat Mat Min Machines Accessed 7 | . 2 5 . Terminals 4 | . 2 2 . Fabricators . | . . . . Repair Stations 2 | . . 2 . Recycling Units . | . . . . Scanalyzers 1 | . . 1 . Garrison Access . | . . . . Total Hacks 20 | . 4 16 . Successful 13 | . 3 10 . Failed 7 | . 1 6 . Catastrophic . | . . . . Database Lockouts . | . . . . Manual 1 | . 1 . . Terminals 11 | . 4 7 . Fabricators . | . . . . Repair Stations 6 | . . 6 . Recycling Units . | . . . . Scanalyzers 3 | . . 3 . Garrison Access . | . . . . Terminal Hacks 5 | . 3 2 . Alert Level 1 | . 1 . . Unreport Threat 1 | . 1 . . Locate Traps 3 | . 1 2 . Fabricator Hacks . | . . . . Repair Station Hacks 5 | . . 5 . Scan Component 3 | . . 3 . Repair 2 | . . 2 . Recycling Unit Hacks . | . . . . Scanalyzer 3 | . . 3 . Insert Component 1 | . . 1 . Analyze 1 | . . 1 . Retrieve Study 1 | . . 1 . Garrison Access Hacks . | . . . . Unauthorized Hacks . | . . . . Terminals . | . . . . Fabricators . | . . . . Repair Stations . | . . . . Recycling Units . | . . . . Scanalyzers . | . . . . Garrison Access . | . . . . Data Cores Recovered . | . . . . Used . | . . . . Hacking Detections 6 | . 1 5 . Full Trace Events 4 | . 1 3 . Feedback Events . | . . . . Feedback Blocked . | . . . . Robot Schematics Acquired . | . . . . Robots Built . | . . . . Authchips . | . . . . Time . | . . . . Total Robot Build Rating . | . . . . Part Schematics Acquired 1 | . . 1 . Parts Built . | . . . . Authchips . | . . . . Time . | . . . . Total Part Build Rating . | . . . . Part Studies Acquired 1 | . . 1 . Parts Repaired 2 | . . 2 . Time 64 | . . 64 . Parts Recycled . | . . . . Recycled Matter . | . . . . Retrieved Matter . | . . . . Retrieved Components . | . . . . Parts Scanalyzed 1 | . . 1 . Part Schematics Acquired 1 | . . 1 . Parts Damaged . | . . . . Bothacking | -11 -10 -9 -9 ------------ Run | Yrd Mat Mat Min Used RIF Installer . | . . . . Robots Hacked . | . . . . Non-combat . | . . . . Combat . | . . . . Robot Hacks Applied . | . . . . Relay Couplers Released . | . . . . Fabnet Peak Effective % . | . . . . Robots Rewired . | . . . . Allies Hacked . | . . . . Hacks Repelled . | . . . . Allies | -11 -10 -9 -9 -------- Run | Yrd Mat Mat Min Total Allies . | . . . . Largest Group . | . . . . Highest-Rated Group . | . . . . Highest-Rated Ally . | . . . . Total Orders . | . . . . Ally Attacks . | . . . . Total Damage . | . . . . Kills . | . . . . Allies Corrupted . | . . . . Allies Melted . | . . . . Intel | -11 -10 -9 -9 ------- Run | Yrd Mat Mat Min Active Infowar (turns) . | . . . . Robot Analysis Total . | . . . . Derelict Logs Recovered . | . . . . Drone Launches . | . . . . Drone Recoveries . | . . . . Exploration | -11 -10 -9 -9 ------------- Run | Yrd Mat Mat Min Turns Passed 1700 | 59 524 1104 13 Spaces Moved 697 | 34 260 394 9 Core 44 | 2 . 42 . Treads 635 | 32 260 334 9 Legs 18 | . . 18 . Wheels . | . . . . Hover . | . . . . Flight . | . . . . Fastest Speed 50 | 50 160 150 160 Average Speed 162 | 153 160 164 160 Slowest Speed 300 | 160 160 300 160 Overloaded Moves . | . . . . Propulsion Burnouts . | . . . . Robots Hopped . | . . . . Potential Cave-ins . | . . . . Cave-ins Triggered . | . . . . Exploration Rate (%) 25 | 4 48 40 8 Regions Visited 3 Branch Regions 1 Pre-discovered Areas . | . . . . Known Exits Taken . | . . . . Unknown Exits Taken 3 | 1 1 1 . Scrap Searched . | . . . . Spaces Dug . | . . . . Terrain Destroyed 14 | . . 14 . Melee . | . . . . Projectile . | . . . . AOE 14 | . . 14 . Terrain Rammed . | . . . . Walls Destroyed . | . . . . Machines Disabled . | . . . . Actions | -11 -10 -9 -9 --------- Run | Yrd Mat Mat Min Total 1085 | 38 315 723 9 Wait 238 | . 22 216 . Move 694 | 33 259 393 9 Hop . | . . . . Pick Up 7 | . . 7 . Fast Attach 16 | 5 2 9 . Attach 7 | . . 7 . Detach . | . . . . Swap 10 | . 2 8 . Drop 1 | . . 1 . Fire 110 | . 28 82 . Melee . | . . . . Ram . | . . . . Kick . | . . . . Crush 2 | . 2 . . Escape Stasis . | . . . . Rewire . | . . . . Trap . | . . . . Miscellaneous . | . . . . Route ------- -11/Scrapyard -10/Materials (discovered 2 exits: *Mat x2) -9/Materials -9/Mines History --------- Turn | Location | Event 12 | -11/Scrapyard | Discovered new exit (range 15) 60 | -11/Scrapyard | Entered Materials 296 | -10/Materials | Discovered new exit (range 10) 309 | -10/Materials | Build established: Mutant 533 | -10/Materials | Discovered new exit (range 11) 584 | -10/Materials | Entered another Materials area 584 | -9/Materials | Evolved 2 slots: Propulsion x1, Utility x1 779 | -9/Materials | Lost 4 parts (1n1u2w) 892 | -9/Materials | Core integrity fell below 50% 1149 | -9/Materials | Repaired EM Shotgun+ 1190 | -9/Materials | Build established: Scavenger-Mutant 1262 | -9/Materials | Repaired Rnf. Ion Engine 1282 | -9/Materials | Discovered new exit (range 13) 1392 | -9/Materials | Core integrity fell below 20% 1393 | -9/Materials | Lost 3 parts (1n1u1w) 1688 | -9/Materials | Entered Mines 1701 | -9/Mines | Destroyed by Y-45 Defender with Beam Rifle Last Messages --------------- Acquired 12 matter. K-01 Serf collects debris. Acquired Lgt. Treads. K-01 Serf collects debris. Acquired 2 matter. R-06 Scavenger collects Flight Unit. K-01 Serf collects debris. R-06 Scavenger collects Flight Unit. Acquired Heat Sink. K-01 Serf collects debris. R-06 Scavenger collects Imp. Ion Engine. K-01 Serf collects debris. Acquired 105 matter. K-01 Serf collects debris. W-16 Scout destroyed. Acquired 25 matter. R-06 Scavenger collects Lgt. Ion Engine. LOCATION=UNKNOWN GOAL=ESCAPE Something is scanning the area. Map ----- +----------------------------------------------------+ | ?????????????????????????????????????????????????? | | ?????????????????????????????????????????????????? | | ?????????????????????????????????????????????????? | | ?????????????????????????????????????????????????? | | ?????????????????????????????????????????????????? | | ?????????????????????????????????????????????????? | | ?????????????????????????????????????????????????? | | ?????????????????????????????????????????????????? | | ?????????????????????????????????????????????????? | | ?????????????????????????????????????????????????? | | ?????????????????????????????????????????????????? | | ?????????????????????????????????????????????????? | | ?????????????????????????????????????????????????? | | ?????????????????????????????????????????????????? | | ?????????????????????????????????????????????????? | | ?????????????????????????????????????????????????? | | ?????????????????????????????????????????????????? | | ?????????????????????????????????????????????????? | | ?????????????????????????#####???????????????????? | | ?????????????????????????# ???????????????????? | | ?????????????????????????# ????????????????????? | | ?????????????????????????# #????????????????????? | | ????????????????????????## ##########???????????? | | ????????????????????????# #???????????? | | ??????????????????###?### #???????????? | | ?????????????????##[]## @ #???????????? | | ?????????????????#"!! # #???????????? | | ?????????????????# / #???????????? | | ?????????????????# YY/ #???????????? | | ?????????????????#"!! # #???????????? | | ?????????????????##![## #???????????? | | ??????????????????###?### #???????????? | | ????????????????????????# #???????????? | | ????????????????????????##############???????????? | | ?????????????????????????????????????????????????? | | ?????????????????????????????????????????????????? | | | | | | | | | | | | | | | | | | | | | | | | | | | | | +----------------------------------------------------+ Best States ------------- Heat Dissipation 58 Energy Generation 12 Energy Capacity 265 Matter Stores 300 Matter Capacity 300 Sight Range 16 Terrain Scan Density 10 Evasion (%) 40 Recoil Reduction 2 Item Schematics ----------------- Lgt. Cannon | -9/Materials | Scanalyzed Robot Schematics ------------------ None Fabricated ------------ Nothing Repaired ---------- EM Shotgun | 4% | -9/Materials Rnf. Ion Engine | 65% | -9/Materials Studied --------- EM Shotgun | -9/Materials | Hacked Alien Tech Used ----------------- None Achievements -------------- Everything Is Under Control Item+ Loot Pinata Part-time Mechanic Challenges ------------ None Game ------ Seed ImpulseRiotTendrils Manual? 0 Play Time 00:25:31 Cumulative 3.3 hours Start 2025.11.13 @ 17:24:14 End 2025.11.13 @ 17:50:01 Sessions 1 Manual Loads 0 Difficulty Rogue Special Mode None Game No. 5 Rogue 5 Adventurer 0 Explorer 0 Win Type - Total 0 Types 0/0/0/0/0/0/0/0/0/0 Lore% 1 Gallery% 4 Achievement% 4 Wizard Run 0 Options --------- Layout 1 ASCII 0 Keyboard 0 Movement Mouse Keybinds 0 Fullscreen 1 Font 32/SmallcapsGlow Map View 25x17 Zoom Use 99% Tactical HUD 0 Map Filters NONE Filters NONE Steam 1 RUN: fcfd8f54-3bb7-4552-80d2-d1bd91873049